 Dungeon Crawl Stone Soup version 0.26.0-10-g1f06aea511 (webtiles) character file.

Game seed: 12808704841034182074

88230 raph the Frost Mage (level 15, -6/105 HPs)
             Began as a Black Draconian Ice Elementalist on Jan 20, 2021.
             Was an Initiate of Gozag.
             Mangled by a skeletal warrior
             ... wielding a +0 halberd
              (21 damage)
             ... on level 15 of the Dungeon on Jan 22, 2021.
             The game lasted 02:05:18 (37930 turns).

raph the Frost Mage (DrIE)                         Turns: 37930, Time: 02:05:19

Health: -6/105     AC: 29    Str: 12    XL:     15   Next: 45%
Magic:  28/28      EV: 18    Int: 21    God:    Gozag
Gold:   3344       SH:  0    Dex: 19    Spells: 6/33 levels left

rFire    x . .     SeeInvis .   a - +5 quarterstaff (elec)
rCold    + . .     Faith    .   (shield currently unavailable)
rNeg     . . .     Spirit   .   (armour unavailable)
rPois    .         Reflect  .   (helmet restricted)
rElec    +         Harm     .   M - +2 cloak {Stlth+}
rCorr    .         Rampage  .   m - +2 pair of gloves
Will     +....                  K - +2 pair of boots {Stlth+}
Stlth    +++.......             d - amulet of magic regeneration
HPRegen  0.27/turn              r - +6 ring of dexterity
MPRegen  0.46/turn              D - ring "Cyr Jior" {Ice Int+2}

@: icy armour, short of breath, gold aura, flying
A: breathe lightning, unfitting armour, big wings, frail 1, electricity
resistance, cold-blooded, AC +9
a: Breathe Lightning, Stop Flying, Renounce Religion, Potion Petition, Call
Merchant, Bribe Branch


You were on level 15 of the Dungeon.
You worshipped Gozag.
Gozag was most pleased with you.
You visited 4 branches of the dungeon, and saw 23 of its levels.
You also visited: Ossuary.

You collected 7742 gold pieces.
You spent 2008 gold pieces at shops.
You paid 2390 gold pieces to Gozag.

Inventory:

Hand Weapons
 a - a +5 quarterstaff of electrocution (weapon)
 f - a +0 short sword
Missiles
 c - 14 curare-tipped darts (quivered)
Armour
 h - a +2 pair of boots
 m - a +2 pair of gloves (worn)
 J - a +0 cloak
 K - a +2 pair of boots of stealth (worn)
 M - a +2 cloak of stealth (worn)
 O - a scarf of invisibility
 Q - a scarf of shadows
Magical Staves
 N - an uncursed staff of fire
Jewellery
 d - an amulet of magic regeneration (around neck)
 g - a +4 ring of slaying
 j - an uncursed ring of magical power
 r - a +6 ring of dexterity (left hand)
 x - a cursed -4 ring of dexterity
 z - an uncursed ring of protection from fire
 D - the ring "Cyr Jior" (right hand) {Ice Int+2}
   (You found it on level 1 of the Lair of Beasts)

   [ring of ice]

   It enhances your ice magic.
   It affects your intelligence (+2).
   It makes you vulnerable to fire.
   It protects you from cold.
 H - an uncursed ring of poison resistance
 I - an uncursed ring of protection from fire
 W - an uncursed ring of protection from cold
 X - an uncursed ring of see invisible
 Z - the ring "Loar" {+Inv +Fly rC+ Will++ Str-3}
   (You bought it in a shop on level 2 of the Orcish Mines)

   [ring of flight]

   It affects your strength (-3).
   It protects you from cold.
   It affects your willpower, your defense against some magical effects.
   It lets you turn invisible.
   It lets you fly.
Wands
 p - a wand of flame (27)
 q - a wand of iceblast (34)
 w - a wand of enslavement (17)
 y - a wand of polymorph (10)
 C - a wand of paralysis (26)
Scrolls
 l - 17 scrolls of remove curse
 v - 3 scrolls of teleportation
 B - 5 scrolls of fog
 G - 3 scrolls of identify
 P - 4 scrolls of immolation
 R - 3 scrolls of magic mapping
 S - a scroll of enchant armour
 V - 2 scrolls of fear
 Y - 3 scrolls of amnesia
Potions
 b - 5 potions of lignification
 e - 5 potions of might
 i - 4 potions of berserk rage
 k - 5 potions of curing
 n - 2 potions of flight
 o - 7 potions of brilliance
 s - 3 potions of heal wounds
 t - 3 potions of invisibility
 u - a potion of ambrosia
 A - 6 potions of mutation
 E - 4 potions of haste
 F - 2 potions of attraction
Miscellaneous
 L - a box of beasts (inert)


   Skills:
 + Level 6.8 Fighting
 - Level 14.0 Staves
 + Level 7.4 Dodging
 - Level 3.6 Stealth
 + Level 9.7 Spellcasting
 - Level 6.3 Conjurations
 - Level 6.6 Hexes
 - Level 5.3 Summonings
 + Level 14.2 Ice Magic


You had 6 spell levels left.
You knew the following spells:

 Your Spells              Type           Power        Failure   Level
a - Freeze                Ice            100%         1%          1
b - Frozen Ramparts       Ice            100%         1%          3
c - Ozocubu's Armour      Ice            81%          1%          3
d - Summon Ice Beast      Ice/Summ       67%          1%          4
e - Magic Dart            Conj           100%         1%          1
f - Hailstorm             Conj/Ice       68%          1%          4
g - Metabolic Englaciati  Hex/Ice        34%          2%          5
h - Ozocubu's Refrigerat  Ice            40%          3%          6

Your spell library contained the following spells:

 Spells                   Type           Power        Failure   Level
 Confusing Touch          Hex            38%          1%          3
 Ice Form                 Ice/Tmut       56%          3%          4
 Gell's Gravitas          Tloc           5%           21%         3
 Yara's Violent Unravell  Hex/Tmut       12%          43%         5
 Simulacrum               Ice/Necr       28%          50%         6
 Freezing Cloud           Conj/Ice/Air   27%          52%         6
 Petrify                  Tmut/Erth      10%          54%         4


Dungeon Overview and Level Annotations

Branches:
Dungeon (15/15)            Temple (1/1) D:7            Lair (5/6) D:10
  Swamp (0/4) Lair:2       Spider (0/4) Lair:2        Slime (0/5) Lair:5
    Orc (2/2) D:11            Elf (0/3) Orc:2        Vaults (0/5) D:13
Ossuary (visited)
 Depths: D:15

Altars:
Ashenzari
Cheibriados
Dithmenos
Gozag
Kikubaaqudgha
Nemelex Xobeh
Okawaru
Qazlal
Ru
Sif Muna
Trog
Uskayaw
Xom
Yredelemnul
Zin
The Shining One
Jiyva

Shops:
D:4 !   D:9 *[   D:11 }   D:13 [   Orc:2 :(*?*

Annotations:
D:8 exclusion: oklob plant
D:11 3 runed translucent doors, ggurman's ghost, journeyman PaFi
Lair:4 exclusion: oklob plant
Lair:5 Nessos


Innate Abilities, Weirdness & Mutations

You can breathe wild blasts of lightning.
Your glossy black scales are hard. (AC +9)
You cannot fit into any form of body armour.
Your large and strong wings let you fly indefinitely.
You are resistant to electric shocks. (rElec)
You are cold-blooded and may be slowed by cold attacks.
You are frail. (-10% HP)


Message History

Your larval stingbat beast stings the skeletal warrior but does no damage.
The skeletal warrior hits you from afar with a +0 halberd!!
* * * LOW HITPOINT WARNING * * *
The skeletal warrior hits you but does no damage.
Your larval stingbat beast hits the skeletal warrior but does no damage.
Your larval stingbat beast stings the skeletal warrior but does no damage.
Okay, then.
You feel much better.
Your larval stingbat beast hits the skeletal warrior but does no damage.
Your larval stingbat beast barely misses the skeletal warrior.
The skeletal warrior hits you from afar with a +0 halberd!
* * * LOW HITPOINT WARNING * * *
The cyclops throws a large rock.
The large rock barely misses your larval stingbat beast.
The large rock barely misses you.
Your larval stingbat beast hits the skeletal warrior but does no damage.
Your larval stingbat beast stings the skeletal warrior but does no damage.
The skeletal warrior hits you from afar with a +0 halberd!!
You die...
Your body crumbles into a pile of gold.

#########
#.......############
#.......#.....#....#
#.......#.....#....#
')......#.....#....#
#.......#....##....
........#....#


Czz ........'....###H### ........#......z@$.# ........#..........#
.########......(...# .# #....##....# .# #######...(# .# ###### ## You could see
3 skeletal warriors, a cyclops and a friendly larval stingbat beast (summoned).

Vanquished Creatures
  Azrael (D:12)
  An ogre mage (D:14)
  Harold (Orc:1)
  4 vault guards (D:13)
  A boulder beetle (D:14)
  4 hydras
  A centaur warrior (D:13)
  6 two-headed ogres
  3 orc high priests (Orc:2)
  Sonja (D:10)
  A skeletal warrior (D:15)
  A bog body (Lair:2)
  An unseen horror (D:14)
  A lindwurm (Lair:4)
  A wizard (D:13)
  7 orc knights
  4 ugly things (D:14)
  3 deep elf magi
  2 cyclopes
  7 orc sorcerers
  A manticore (D:12)
  2 gargoyles
  8 cane toads
  2 kobold demonologists
  9 komodo dragons
  2 jumping spiders (Lair:2)
  2 trolls
  A hornet (D:14)
  7 slime creatures
  5 blink frogs (Lair:3)
  A meliai zombie (D:13)
  3 redbacks (Lair:2)
  6 wyverns
  A water elemental (D:14)
  40 yaks
  2 fire elementals (D:12)
  5 basilisks
  14 vampire mosquitoes
  A human (D:13)
  2 soldier ants (D:14)
  4 wargs
  3 acid dragons
  7 water moccasins
  2 hell hounds (D:12)
  30 orc warriors
  4 ice beasts
  5 phantoms
  9 sky beasts
  2 black bears
  A necrophage (D:11)
  12 wolves
  8 ogres
  5 centaurs
  A big kobold (D:10)
  13 bullfrogs
  2 water moccasin zombies (Ossuary)
  2 wyvern skeletons
  6 scorpions
  15 killer bees
  16 wights
  A vampire bat (D:2)
  3 electric eels
  4 howler monkeys
  A bullfrog zombie (D:8)
  A quasit (D:11)
  3 centaur zombies
  3 bullfrog skeletons
  8 hounds
  Crazy Yiuf (D:6)
  20 orc priests
  9 jellies
  A gnoll shaman (D:10)
  27 orc wizards
  3 centaur skeletons
  3 iguanas
  16 worker ants
  A killer bee zombie (D:8)
  3 big kobold zombies (Ossuary)
  2 hound zombies
  A mummy (Ossuary)
  A howler monkey zombie (D:8)
  Robin (D:2)
  3 worker ant zombies
  10 adders
  12 gnolls
  A howler monkey skeleton (D:5)
  A shadow imp (D:8)
  7 white imps
  3 ufetubi
  19 oozes
  6 adder zombies
  An adder skeleton (D:4)
  4 worms
  3 dart slugs
  7 leopard geckos
  99 orcs
  A ball python (D:5)
  7 bats
  4 bat skeletons (D:2)
  A bat zombie (D:2)
  8 giant cockroaches
  3 gnoll zombies (Ossuary)
  16 goblins
  10 hobgoblins
  22 jackals
  9 kobolds
  2 quokkas (D:5)
  7 frilled lizards
  4 hobgoblin zombies (Ossuary)
  4 kobold zombies (Ossuary)
  9 orc zombies (Ossuary)
  A quokka skeleton (D:4)
  A quokka zombie (D:8)
  11 rats
721 creatures vanquished.

Vanquished Creatures (collateral kills)
  2 hydras
  2 two-headed ogres
  An orc high priest (Orc:1)
  A gargoyle (D:11)
  A cane toad (Lair:2)
  A troll (D:11)
  A polar bear (Lair:3)
  3 yaks
  A wraith (D:11)
  An orc warrior (D:11)
  An ogre (D:8)
  A centaur (D:11)
  A big kobold (D:11)
  2 bullfrogs (Lair:3)
  A wight (D:11)
  4 orc wizards
  An iguana (D:11)
  A mummy (Ossuary)
  An adder (D:11)
  5 orcs
  A goblin (D:7)
  A hobgoblin (D:7)
  2 kobolds (D:11)
36 creatures vanquished.

Vanquished Creatures (others)
  37 fungi
  20 plants
57 creatures vanquished.

Grand Total: 814 creatures vanquished

Notes
Turn   | Place    | Note
-------+----------+-------------------------------------------
     0 | D:1      | raph the Draconian Ice Elementalist began the quest for the
                  | Orb.
     0 | D:1      | Reached XP level 1. HP: 14/14 MP: 3/3
   412 | D:1      | Reached XP level 2. HP: 20/20 MP: 3/5
  1131 | D:1      | Reached XP level 3. HP: 21/26 MP: 4/6
  1154 | D:1      | Learned a level 3 spell: Frozen Ramparts
  2377 | D:2      | Found an opulent altar of Gozag.
  2488 | D:2      | Reached XP level 4. HP: 33/33 MP: 1/7
  2645 | D:2      | Became a worshipper of Gozag Ym Sagoz the Greedy
  3021 | D:2      | Noticed Robin
  3032 | D:2      | Killed Robin
  3033 | D:2      | Reached skill level 5 in Ice Magic
  3118 | D:2      | Found an ancient bone altar of Kikubaaqudgha.
  3125 | D:2      | Reached XP level 5. HP: 38/38 MP: 6/9
  3803 | D:2      | Learned a level 3 spell: Ozocubu's Armour
  3934 | D:3      | Found a glowing silver altar of Zin.
  4402 | D:3      | Reached XP level 6. HP: 41/45 MP: 10/10
  4659 | D:4      | Found a basalt altar of Yredelemnul.
  4701 | D:4      | Found a shimmering altar of Xom.
  4936 | D:4      | Found Ycvij's Distillery.
  4945 | D:4      | Bought a potion of heal wounds for 60 gold pieces
  4945 | D:4      | Bought 2 potions of might for 96 gold pieces
  4945 | D:4      | Bought a potion of invisibility for 96 gold pieces
  4945 | D:4      | Bought a potion of ambrosia for 96 gold pieces
  5027 | D:4      | Found an iron altar of Okawaru.
  5741 | D:4      | Your scales start taking on a glossy black colour.
  5741 | D:4      | Reached XP level 7. HP: 46/50 MP: 12/12
  5741 | D:4      | Gained mutation: You are resistant to electric shocks.
                  | (rElec) [Black Draconian growth]
  5966 | D:5      | Entered Level 5 of the Dungeon
  6326 | D:5      | Reached skill level 1 in Fighting
  7044 | D:5      | Learned a level 4 spell: Summon Ice Beast
  7444 | D:5      | Reached skill level 1 in Summonings
  7444 | D:5      | Reached XP level 8. HP: 54/61 MP: 14/14
  7560 | D:5      | Found a shimmering blue altar of Sif Muna.
  7821 | D:5      | Identified Sif Muna's Collected Works on Arcane Weapons
  7830 | D:5      | Learned a level 1 spell: Magic Dart
  8363 | D:6      | Found a snail-covered altar of Cheibriados.
  8516 | D:6      | Reached skill level 5 in Summonings
  9005 | D:6      | Found a runed translucent door.
  9005 | D:6      | Noticed Crazy Yiuf
  9013 | D:6      | Killed Crazy Yiuf
  9014 | D:6      | Reached XP level 9. HP: 63/67 MP: 15/15
  9195 | D:7      | Found a staircase to the Ecumenical Temple.
  9292 | D:7      | Found a sand-covered staircase.
  9301 | Ossuary  | Entered an ossuary
  9482 | Ossuary  | Learned a level 4 spell: Hailstorm
  9674 | Ossuary  | Reached skill level 1 in Conjurations
  9750 | D:7      | Reached skill level 1 in Staves
 10455 | Temple   | Entered the Ecumenical Temple
 11910 | D:8      | Noticed an oklob plant
 12190 | D:8      | Noticed a two-headed ogre
 12198 | D:8      | Killed a two-headed ogre
 12199 | D:8      | Reached skill level 10 in Ice Magic
 12199 | D:8      | Reached XP level 10. HP: 46/73 MP: 15/16
 12761 | D:8      | Reached skill level 5 in Staves
 12761 | D:8      | Reached skill level 5 in Conjurations
 14644 | D:9      | Bought a pair of embroidered boots for 300 gold pieces
 14846 | D:9      | Bought a scroll of enchant armour for 172 gold pieces
 14846 | D:9      | Bought a glowing cloak for 172 gold pieces
 14861 | D:10     | Entered Level 10 of the Dungeon
 14960 | D:10     | Found a staircase to the Lair.
 15341 | D:10     | Reached XP level 11. HP: 61/79 MP: 14/17
 15548 | D:10     | Noticed Sonja
 15557 | D:10     | Killed Sonja
 16201 | D:10     | Reached skill level 5 in Spellcasting
 17205 | Lair:1   | Entered Level 1 of the Lair of Beasts
 17422 | Lair:1   | Noticed an eight-headed hydra
 17431 | Lair:1   | Killed an eight-headed hydra
 17780 | Lair:1   | HP: 2/79 [yak (8)]
 18437 | Lair:1   | Got a warped tin ring
 19152 | Lair:1   | You fall into a shaft and drop 1 floor!
 19772 | Lair:2   | Noticed a bog body
 19786 | Lair:2   | Killed a bog body
 19877 | Lair:2   | Found a staircase to the Swamp.
 19884 | Lair:2   | Learned a level 5 spell: Metabolic Englaciation
 20099 | Lair:2   | Reached skill level 1 in Hexes
 20220 | Lair:2   | Found a hole to the Spider Nest.
 20384 | Lair:2   | Identified the ring "Cyr Jior" {Ice Int+2} (You found it on
                  | level 1 of the Lair of Beasts)
 20667 | Lair:2   | Reached skill level 10 in Staves
 20848 | Lair:2   | Reached XP level 12. HP: 55/85 MP: 21/21
 21075 | Lair:2   | Noticed an eight-headed hydra
 21088 | Lair:2   | Killed an eight-headed hydra
 22746 | Lair:3   | Noticed a seven-headed hydra
 22761 | Lair:3   | Killed a seven-headed hydra
 24411 | Lair:4   | Reached skill level 5 in Hexes
 24882 | Lair:5   | Noticed a five-headed hydra
 24916 | Lair:5   | Killed a five-headed hydra
 25055 | Lair:5   | Found a viscous altar of Jiyva.
 25055 | Lair:5   | Found a staircase to the Slime Pits.
 25546 | Lair:5   | Noticed Nessos
 25965 | D:11     | Reached XP level 13. HP: 90/92 MP: 24/24
 26240 | D:11     | Found a runed translucent gate.
 26241 | D:11     | Found a runed translucent gate.
 26242 | D:11     | Found a runed translucent gate.
 26242 | D:11     | Noticed ggurman's ghost (journeyman PaFi)
 26352 | D:11     | Found Xymetu's Gadget Boutique.
 26802 | D:11     | Found a staircase to the Orcish Mines.
 27253 | D:11     | Found a sacrificial altar of Ru.
 27339 | Orc:1    | Entered Level 1 of the Orcish Mines
 27351 | Orc:1    | Paralysed by an orc sorcerer for 7 turns
 27921 | Orc:1    | Gained mutation: You are frail. (-10% HP) [a neqoxec]
 28118 | Orc:2    | Entered Level 2 of the Orcish Mines
 28118 | Orc:2    | Found a staircase to the Elven Halls.
 28534 | Orc:2    | Bought a vibrating copper ring for 145 gold pieces
 28534 | Orc:2    | Bought a metallic dark potion for 26 gold pieces
 28534 | Orc:2    | Identified the ring "Loar" {+Inv +Fly rC+ Will++ Str-3}
                  | (You bought it in a shop on level 2 of the Orcish Mines)
 28554 | Orc:2    | Paralysed by an orc sorcerer for 5 turns
 28584 | Orc:2    | Reached skill level 5 in Dodging
 28584 | Orc:2    | Gained mutation: Your large and strong wings let you fly
                  | indefinitely. [Black Draconian growth]
 28584 | Orc:2    | Reached XP level 14. HP: 59/90 MP: 16/26
 29235 | Orc:2    | Found Ofyhoyxa's Magic Scroll Shop.
 29814 | Orc:1    | Noticed Harold
 29848 | Orc:1    | Killed Harold
 30549 | Orc:2    | Found Fiutzyte's Book Shop.
 30551 | Orc:2    | Found Coohuege's General Store.
 30551 | Orc:2    | Found Xoboots's Weapon Emporium.
 30708 | Orc:2    | Bought a book of Ice for 845 gold pieces
 30715 | Orc:2    | Learned a level 6 spell: Ozocubu's Refrigeration
 30819 | D:12     | Found a stormy altar of Qazlal.
 31127 | D:12     | Noticed Azrael
 32326 | D:12     | Killed Azrael
 33059 | D:13     | Found Qeocabbu's Antique Armour Emporium.
 34216 | D:13     | Reached skill level 5 in Fighting
 34225 | D:13     | Reached XP level 15. HP: 73/101 MP: 14/27
 34413 | D:13     | Found a gate to the Vaults.
 37223 | D:15     | Entered Level 15 of the Dungeon
 37930 | D:15     | Mangled by a skeletal warrior

Illustrated notes

Levels and vault maps discovered:
D:1:      co_arrival_random_square_maze, layout_basic
D:2:      layout_loops_ring, nicolae_gozag_seed_capital,
          kennysheep_vampire_church, uniq_robin
D:3:      layout_rooms, zin_scriptorium
D:4:      layout_rooms, minitemple, okawaru_gym_becter, serial_shops,
          shop_fountains
D:5:      layout_cave_pods, led_sif_book, minmay_bent
D:6:      layout_cave_pools, overflow_temple_1_default, grunt_ministairs_14,
          minivault_27, hangedman_decor_lopped, uniq_crazy_yiuf_cottage
D:7:      layout_rooms, minmay_temple_entry_butterflies,
          lightli_ossuary_entry_decrepit_ruins, enter_bailey_4
D:8:      lemuel_slime, layout_loops_ring
D:9:      layout_stronghold, minivault_23, minmay_misc_feat_diagonals,
          minmay_quadrilaterals
D:10:     layout_roguey, lair_entry_dummy, minivault_4, hex_tiny, uniq_sonja
D:11:     layout_cross, david_orc_2, ebering_ghost_rock_garden, serial_shops,
          kennysheep_little_box, nicolae_ru_the_path_less_chosen
D:12:     layout_long_grid, grunt_qazlal_sundering, uniq_azrael
D:13:     layout_layer_cave, grunt_vaults_entry_fortified, serial_shops,
          nicolae_shop_behind_doors
D:14:     layout_basic, minmay_misc_feat_tower
D:15:     hangedman_depths_entry_try_elsewhere_first, layout_gridville,
          ebering_dispersal_statue_hall
Temple:   eino_narrow_crystal_temple
Lair:1:   layout_chaotic_city, grunt_megastairs_5
Lair:2:   layout_cave_pods, skrybe_swamp_entry_bodies,
          nicolae_spider_entry_tight_spaces
Lair:3:   layout_chaotic_city
Lair:4:   layout_regular_city
Lair:5:   layout_regular_city, slime_altar_1, uniq_nessos
Orc:1:    layout_caves, uniq_harold
Orc:2:    st_orc_elflike, layout_caves

Skill      XL: |  1  2  3  4  5  6  7  8  9 10 11 12 13 14 15 |
---------------+----------------------------------------------+-----
Stealth        | 2 3 |  3.6
Dodging        | 2 3 4 5 6 7 |  7.4
Ice Magic      | 5 6 7 8 10 11 12 13 14 | 14.2
Spellcasting   | 3 4 6 7 8 9 |  9.7
Fighting       | 2 5 6 |  6.8
Summonings     | 1 5 |  5.3
Conjurations   | 4 6 |  6.3
Staves         | 4 7 10 11 12 13 14 | 14.0
Hexes          | 1 5 6 |  6.6

Action                   |  1- 3 |  4- 6 |  7- 9 | 10-12 | 13-15 || total
-------------------------+-------+-------+-------+-------+-------++-------
Melee: Unarmed           |     3 |       |       |       |       ||     3
       Short sword       |    25 |     4 |       |       |       ||    29
       Tailslap          |     2 |    19 |    76 |    71 |    76 ||   244
       Quarterstaff      |       |   140 |   472 |   408 |   491 ||  1511
Throw: Dart              |     3 |       |     1 |     2 |     1 ||     7
 Cast: Freeze            |    45 |    20 |     4 |    38 |     5 ||   112
       Frozen Ramparts   |     5 |     7 |    33 |    95 |    54 ||   194
       Ozocubu's Armour  |       |     3 |    26 |    48 |    33 ||   110
       Summon Ice Beast  |       |       |     6 |    16 |    15 ||    37
       Hailstorm         |       |       |     1 |    16 |    14 ||    31
       Magic Dart        |       |       |       |    23 |    51 ||    74
       Metabolic Englaci |       |       |       |    14 |    31 ||    45
       Ozocubu's Refrige |       |       |       |       |    76 ||    76
Invok: Call Merchant     |       |       |       |     2 |     1 ||     3
 Abil: Breathe Lightning |       |       |     4 |    11 |    15 ||    30
       Fly               |       |       |       |       |     1 ||     1
Evoke: Wand              |       |       |       |     1 |     1 ||     2
       Box of beasts     |       |       |       |     1 |     2 ||     3
  Use: Scroll            |       |    12 |     9 |     9 |    11 ||    41
       Potion            |       |       |     3 |     3 |     4 ||    10
 Stab: Distracted        |     1 |       |     2 |     2 |     2 ||     7
       Sleeping          |       |     4 |    10 |     8 |     3 ||    25
       Paralysed         |       |       |       |     1 |       ||     1
Armor: Skin              |    20 |    76 |   210 |   171 |   149 ||   626
Dodge: Dodged            |    42 |   121 |   417 |   319 |   282 ||  1181
